Map: Efflorescence LE

Players

Chewy

  • Race: Terran Terran
  • League: Diamond
  • Spawn Location: 9:00

xenomorph

  • Race: Protoss Protoss
  • League: Silver
  • Spawn Location: 6:00

Throwfordays - Winner!

  • Race: Protoss Protoss
  • Spawn Location: 3:00

Faust - Winner!

  • Race: Zerg Zerg
  • League: Diamond
  • Spawn Location: 12:00

VOD

Have the link to the VOD?

Description

Time

  • Played on: July 1, 2019, 12:24 a.m.
  • Length: 21:20
Show
View Real Time Build Order
Export as new Build Order

Chewy Terran 

Build Orders:  

Get SALT Encoding   

  12  0:01  SCV  
  13  0:13  SCV  
  14  0:18  Supply Depot  
  14  0:25  SCV  
  15  0:41  Barracks  
  15  0:42  SCV  
  16  0:48  Refinery  
  16  0:54  SCV  
  17  1:04  Supply Depot  
  17  1:06  SCV  
  18  1:16  Refinery  
  18  1:18  SCV  
  19  1:26  Barracks  
  19  1:32  Reaper  
  20  1:46  Orbital Command  
  20  2:04  Reaper  
  21  2:13  Barracks  
  21  2:14  SCV  
  21  2:15  Reaper  
  23  2:24  Supply Depot  
  23  2:36  Reaper  
  23  2:37  SCV  
  25  2:47  Reaper  
  25  2:49  SCV  
  27  3:01  Reaper  
  28  3:08  Reaper, Supply Depot  
  29  3:17  Command Center  
  29  3:19  Reaper  
  30  3:33  Reaper  
  31  3:40  Reaper  
  32  3:51  Reaper  
  32  3:53  Factory  
  33  4:06  Reaper  
  34  4:12  Reaper  
  31  4:40  Orbital Command  
  27  4:57  Barracks Tech Lab x2  
  24  5:03  Barracks Reactor  
  24  5:12  Orbital Command  
  24  5:23  Barracks  
  24  5:24  Barracks  
  24  5:26  Barracks  
  24  5:29  Barracks  
  24  5:31  Factory Tech Lab  
  24  5:32  Combat Shield  
  24  5:38  Marauder x2  
  28  5:43  Starport  
  28  5:55  Stimpack  
  28  5:56  SCV x2  
  30  5:58  Marine  
  30  5:59  Marine  
  32  6:04  Marine x2  
  32  6:08  SCV  
  32  6:09  SCV  
  36  6:14  Barracks Tech Lab  
  36  6:16  Marine, Barracks Tech Lab  
  37  6:20  SCV  
  37  6:21  SCV  
  37  6:22  Marine x2, Starport Reactor  
  41  6:27  Marine  
  41  6:28  Marine x2  
  41  6:32  SCV  
  45  6:33  SCV  
  45  6:34  Marine, Supply Depot  
  47  6:45  SCV x2  
  49  6:49  Supply Depot  
  49  6:55  Barracks Reactor, Engineering Bay  
  49  6:56  Concussive Shells, Engineering Bay  
  49  6:57  SCV x2  
  49  7:00  Marauder x2  
  55  7:09  SCV x2  
  55  7:13  Refinery  
  55  7:15  Marine x2, Marauder x2  
  63  7:16  Refinery  
  63  7:21  SCV  
  64  7:23  Medivac  
  64  7:24  Medivac  
  64  7:26  Barracks Tech Lab  
  68  7:32  Siege Tank  
  68  7:34  SCV x2  
  69  7:46  SCV x2  
  71  7:53  Medivac  
  71  7:54  Medivac  
  71  7:56  Missile Turret  
  75  7:59  Marine x3  
  75  8:03  Marine x3  
  78  8:07  Marine  
  78  8:16  Terran Infantry Armor Level 1, Terran Infantry Weapons Level 1  
  78  8:21  Supply Depot  
  78  8:22  Supply Depot  
  78  8:23  Supply Depot x2  
  78  8:34  Marine x2  
  60  8:45  Marine, Marauder  
  60  8:46  Marine x2, Marauder x3  
  71  8:49  SCV  
  71  8:51  Marine x2  
  74  8:59  Supply Depot  
  74  9:01  Supply Depot  
  74  9:03  Marine  
  74  9:04  Marauder  
  74  9:07  Marauder  
  79  9:11  Medivac x2  
  83  9:27  Armory  
  83  9:30  Marine  
  83  9:31  Marauder x2  
  88  9:41  Medivac x2  
  88  9:44  Marine  
  88  9:45  Marine x5  
  96  9:48  Marine  
  99  10:01  Command Center  
  99  10:11  Medivac x2  
  103  10:17  Terran Infantry Armor Level 2, Terran Infantry Weapons Level 2  
  103  10:29  Marine, Marauder x2  
  103  10:30  Marauder x2  
  103  10:34  Terran Vehicle Weapons Level 1  
  112  10:39  Siege Tank  
  115  11:11  Siege Tank  
  115  11:13  Marine x5, Marauder x4  
  131  11:31  Marine x2  
  123  11:43  Siege Tank  
  128  11:47  Marine x3, Marauder x4  
  128  11:49  Marine x2  
  128  11:52  Orbital Command  
  139  12:05  Marine  
  139  12:07  SCV  
  141  12:15  Orbital Command  
  139  13:05  SCV  
  139  13:06  Siege Tank  
  129  13:14  Marine x4, Marauder x5  
  140  13:25  Terran Infantry Armor Level 3, Terran Infantry Weapons Level 3  
  140  13:30  Terran Vehicle Weapons Level 2  
  140  13:32  Marine  
  141  13:51  Supply Depot x2  
  141  13:54  Supply Depot  
  141  14:12  Marine x3, SCV x3, Medivac x2, Siege Tank  
  141  14:13  Marauder  
  156  14:24  SCV x2  
  156  14:25  SCV  
  156  14:27  Refinery x2  
  159  14:36  SCV  
  159  14:37  SCV x2  
  162  14:44  Siege Tank  
  165  14:47  Supply Depot  
  165  15:09  SCV x3  
  168  15:16  Siege Tank, Starport  
  168  15:19  Starport  
  170  15:22  Fusion Core  
  168  15:45  Medivac x2  
  168  16:26  Marauder x2  
  168  16:27  Marine x2, Marauder  
  168  16:29  Marine  
  168  16:31  Marine  
  173  16:34  Supply Depot  
  173  16:56  Marauder x4  
  173  16:57  Supply Depot  
  173  16:58  Supply Depot  
  173  16:59  Supply Depot  
  173  17:00  Supply Depot x2  
  181  17:02  Supply Depot  
  181  17:11  Marine x3  
  181  17:12  Siege Tank, Marauder  
  127  17:21  Supply Depot  
  120  17:29  Marine x2  
  111  17:30  Marine x6  
  111  17:32  Starport Tech Lab x2  
  111  17:33  Marine  
  111  17:34  Neosteel Armor  
  111  17:36  Hi-Sec Auto Tracking  
  94  17:47  Marine x3  
Show
View Real Time Build Order
Export as new Build Order

xenomorph Protoss 

Build Orders: Cannon Rush, Carriers 

Get SALT Encoding   

  12  0:11  Pylon  
  12  0:26  Probe  
  13  0:38  Probe  
  13  0:41  Forge  
  14  1:20  Pylon  
  14  1:30  Probe  
  15  1:40  Photon Cannon  
  15  1:41  Photon Cannon  
  15  1:42  Probe  
  16  1:50  Photon Cannon  
  16  1:54  Probe  
  16  1:55  Pylon  
  17  2:06  Probe  
  18  2:18  Probe  
  18  2:20  Pylon  
  19  2:31  Probe  
  20  2:38  Gateway  
  20  2:40  Photon Cannon  
  20  2:43  Probe  
  21  2:44  Photon Cannon  
  21  2:47  Photon Cannon  
  21  2:58  Photon Cannon  
  21  3:14  Pylon  
  21  3:29  Pylon  
  21  3:41  Photon Cannon  
  21  3:44  Pylon  
  21  4:02  Photon Cannon  
  21  4:20  Pylon  
  21  4:28  Photon Cannon  
  21  4:38  Pylon, Cybernetics Core  
  21  4:39  Pylon  
  21  4:41  Pylon  
  21  4:44  Photon Cannon  
  21  4:59  Photon Cannon  
  21  5:01  Pylon  
  21  5:15  Assimilator  
  21  5:18  Assimilator  
  21  5:19  Photon Cannon  
  21  5:34  Probe  
  21  5:42  Probe  
  23  5:51  Probe  
  24  6:03  Probe  
  25  6:13  Stargate  
  25  6:17  Protoss Ground Weapons Level 1  
  25  6:20  Zealot  
  27  6:48  Zealot  
  27  6:50  Nexus  
  27  6:53  Assimilator  
  29  6:54  Void Ray  
  29  6:58  Assimilator, Probe  
  29  7:06  Probe  
  34  7:15  Zealot  
  37  7:16  Probe  
  37  7:17  Protoss Air Weapons Level 1  
  38  7:28  Probe  
  39  7:38  Pylon  
  39  7:40  Probe  
  39  7:42  Zealot  
  42  7:45  Void Ray  
  46  7:52  Probe  
  47  8:04  Probe  
  48  8:09  Zealot  
  50  8:21  Void Ray, Probe x2  
  52  8:33  Probe x2  
  58  8:36  Zealot  
  60  8:45  Probe x2  
  62  9:03  Zealot  
  62  9:04  Void Ray, Probe x2  
  70  9:12  Pylon  
  70  9:13  Pylon  
  70  9:15  Pylon  
  70  9:26  Protoss Ground Armor Level 1  
  70  9:30  Probe  
  71  9:40  Protoss Air Armor Level 1  
  71  9:41  Stargate  
  71  9:42  Fleet Beacon  
  71  9:47  Stalker  
  73  9:57  Void Ray  
  77  10:17  Stalker  
  78  10:52  Carrier  
  78  10:53  Carrier  
  74  11:40  Zealot, Carrier  
  74  11:43  Protoss Shields Level 1  
  76  11:48  Protoss Air Weapons Level 2  
  76  11:49  Nexus  
  76  11:51  Assimilator  
  76  11:55  Assimilator  
  76  11:56  Probe  
  76  11:57  Probe  
  84  12:07  Zealot  
  86  12:09  Probe x2  
  88  12:32  Carrier  
  94  12:40  Pylon  
  94  12:41  Pylon  
  94  12:42  Pylon  
  94  12:43  Pylon  
  94  12:58  Zealot  
  96  13:08  Carrier  
  98  13:25  Stalker  
  98  13:26  Carrier  
  106  13:55  Stalker  
  108  14:12  Carrier  
  114  14:24  Carrier  
  114  14:25  Zealot  
  114  14:26  Nexus  
  122  14:52  Zealot  
  124  15:00  Carrier  
  86  15:15  Carrier  
  86  15:19  Zealot  
  76  15:33  Probe x2  
  84  15:45  Probe x2  
  84  15:46  Zealot  
  86  15:57  Probe  
  86  15:58  Probe  
  64  16:13  Zealot  
  45  16:49  Pylon  
  45  16:51  Pylon x2, Cybernetics Core  
  45  17:17  Photon Cannon  
  45  17:18  Photon Cannon x2  
  45  17:20  Photon Cannon  
  45  17:30  Stargate  
  45  17:32  Stargate  
  45  17:38  Stalker  
  47  18:02  Void Ray  
  47  18:03  Void Ray  
  47  18:08  Stalker  
  57  18:23  Fleet Beacon  
  57  18:28  Nexus  
  57  18:30  Void Ray  
  57  18:31  Void Ray  
  57  18:34  Assimilator  
  55  18:38  Stalker  
  51  19:09  Pylon  
  48  19:12  Pylon  
  48  19:13  Pylon  
  48  19:16  Pylon  
  36  19:17  Pylon  
  9  19:29  Assimilator  
  7  19:37  Probe  
  3  20:10  Nexus  
  2  20:28  Nexus  
  1  20:53  Nexus  
  1  21:03  Nexus  
Show
View Real Time Build Order
Export as new Build Order

Throwfordays Protoss - Winner!

Build Orders: 1 Gate Expand 

Get SALT Encoding   

  12  0:01  Probe  
  13  0:13  Probe  
  14  0:18  Pylon  
  14  0:25  Probe  
  15  0:37  Probe  
  15  0:40  Gateway  
  16  0:46  Assimilator  
  16  0:49  Probe  
  17  1:13  Probe  
  18  1:21  Probe  
  19  1:31  Nexus, Probe  
  20  1:43  Cybernetics Core  
  20  1:50  Pylon  
  20  1:56  Assimilator  
  20  2:03  Probe  
  21  2:11  Warp Gate  
  21  2:15  Probe  
  22  2:19  Gateway  
  22  2:27  Probe  
  22  2:28  Stalker  
  25  2:42  Robotics Facility  
  25  2:44  Probe  
  26  2:52  Probe  
  27  2:59  Probe  
  27  3:00  Stalker  
  30  3:11  Probe  
  31  3:25  Stalker  
  33  3:28  Probe  
  33  3:30  Probe  
  35  3:37  Stalker  
  35  3:40  Probe  
  38  3:41  Gateway  
  38  3:42  Probe  
  39  3:52  Probe  
  39  3:53  Immortal  
  44  4:07  Probe  
  38  4:10  Probe  
  29  4:19  Adept x2  
  29  4:20  Probe  
  29  4:22  Probe  
  29  4:34  Probe  
  29  4:36  Probe  
  28  4:44  Probe  
  28  4:45  Probe  
  25  4:53  Probe  
  26  5:01  Probe  
  26  5:06  Probe  
  28  5:10  Probe  
  29  5:15  Probe  
  29  5:18  Probe  
  30  5:23  Probe  
  30  5:27  Probe  
  33  5:37  Observer  
  33  5:39  Probe  
  33  5:41  Pylon  
  35  5:43  Probe  
  36  5:51  Probe  
  36  5:56  Probe  
  38  6:03  Probe  
  39  6:08  Probe  
  38  6:21  Probe  
  39  6:28  Probe  
  39  6:29  Probe  
  39  6:30  Assimilator  
  40  6:33  Assimilator  
  40  6:38  Forge  
  40  6:39  Probe  
  41  6:40  Probe  
  41  6:43  Pylon  
  43  6:50  Probe  
  43  6:51  Probe  
  45  6:58  Probe, Immortal  
  49  7:03  Probe  
  49  7:08  Pylon, Probe  
  51  7:15  Probe  
  53  7:18  Probe  
  54  7:26  Probe  
  54  7:28  Probe  
  55  7:31  Photon Cannon  
  55  7:36  Photon Cannon, Probe  
  56  7:38  Adept, Probe  
  56  7:39  Adept x2  
  64  7:46  Probe  
  64  7:49  Probe  
  66  7:55  Immortal  
  66  7:58  Protoss Ground Weapons Level 1  
  70  8:03  Pylon  
  70  8:07  Pylon  
  70  8:11  Nexus  
  70  8:17  Pylon  
  70  8:19  Assimilator  
  70  8:21  Probe  
  70  8:22  Stalker  
  70  8:23  Stalker  
  70  8:24  Assimilator, Stalker  
  77  8:28  Probe  
  77  8:33  Probe  
  79  8:36  Immortal  
  83  8:46  Stargate  
  83  8:57  Stalker x2  
  83  9:01  Probe  
  87  9:03  Probe  
  87  9:09  Probe  
  89  9:11  Stalker, Probe  
  93  9:19  Stargate  
  93  9:21  Probe  
  94  9:33  Probe  
  94  9:37  Protoss Air Weapons Level 1  
  95  9:41  Probe  
  96  9:50  Probe  
  96  9:51  Nexus  
  96  9:53  Assimilator, Void Ray  
  96  9:57  Assimilator  
  101  10:00  Pylon  
  101  10:03  Void Ray, Probe  
  101  10:07  Protoss Shields Level 1  
  106  10:12  Probe  
  107  10:15  Probe x2  
  109  10:24  Probe  
  109  10:27  Probe x2  
  109  11:09  Nexus  
  109  11:11  Assimilator  
  109  11:14  Pylon  
  109  11:16  Assimilator  
  109  11:17  Pylon  
  109  11:31  Void Ray  
  109  11:32  Probe x3  
  116  11:34  Void Ray  
  120  11:41  Pylon  
  120  11:44  Probe  
  120  11:45  Pylon  
  120  11:47  Pylon  
  121  12:01  Stargate  
  121  12:03  Stargate  
  121  12:09  Twilight Council  
  121  12:10  Probe  
  121  12:13  Pylon  
  121  12:14  Protoss Air Armor Level 1, Void Ray  
  126  12:16  Pylon  
  126  12:17  Void Ray  
  126  12:18  Pylon  
  126  12:21  Pylon, Protoss Ground Armor Level 1  
  130  12:23  Probe  
  130  12:28  Fleet Beacon  
  131  12:31  Cybernetics Core  
  131  12:37  Stargate  
  131  12:41  Stargate  
  131  12:43  Probe  
  132  12:44  Probe  
  133  12:55  Probe  
  133  12:56  Probe  
  133  12:57  Void Ray x2  
  143  12:59  Void Ray  
  143  13:00  Void Ray  
  151  13:08  Probe  
  151  13:09  Stalker  
  151  13:10  Stalker x2  
  158  13:20  Probe  
  159  13:32  Probe  
  160  14:05  Void Ray x4  
  160  14:06  Void Ray x2  
  184  14:17  Protoss Air Weapons Level 2, Pylon  
  184  14:25  Stalker x3  
  184  14:30  Protoss Shields Level 2  
  190  14:36  Protoss Air Armor Level 2  
  190  14:37  Probe  
  191  14:45  Probe  
  192  14:55  Probe  
  192  14:56  Pylon  
  183  15:07  Probe  
  178  15:19  Probe  
  179  15:22  Void Ray x5  
  199  15:35  Probe  
  134  16:40  Void Ray x2  
  134  16:41  Void Ray x4  
  158  16:55  Protoss Air Weapons Level 3  
  158  17:45  Void Ray x5  
  158  17:46  Void Ray  
  182  18:48  Void Ray x3  
  182  18:49  Void Ray  
Show
View Real Time Build Order
Export as new Build Order

Faust Zerg - Winner!

Build Orders: Hatch First 

Get SALT Encoding   

  12  0:01  Drone  
  13  0:09  Drone  
  14  0:15  Extractor  
  14  0:16  Drone  
  15  0:42  Hatchery  
  14  0:47  Overlord  
  14  1:03  Spawning Pool  
  13  1:06  Extractor  
  13  1:07  Drone  
  13  1:12  Drone  
  13  1:16  Drone  
  15  1:23  Drone  
  16  1:34  Drone  
  17  1:51  Zergling x4  
  17  1:53  Queen  
  21  1:55  Zergling x2  
  22  2:02  Queen  
  24  2:09  Metabolic Boost  
  22  2:22  Spine Crawler  
  21  2:25  Drone x2  
  23  2:41  Queen  
  25  2:44  Drone  
  26  3:08  Drone  
  27  3:16  Overlord  
  27  3:17  Overlord  
  27  3:34  Queen  
  29  3:41  Queen  
  29  3:45  Drone x2  
  29  3:48  Drone  
  34  3:49  Spine Crawler  
  31  4:10  Queen  
  31  4:13  Zergling x6  
  38  4:45  Drone x3  
  41  4:46  Queen  
  43  4:55  Drone  
  43  4:58  Lair, Extractor  
  43  4:59  Overlord x2  
  41  5:24  Roach Warren  
  41  5:25  Drone x2  
  36  6:03  Roach x3  
  36  6:04  Roach x3  
  48  6:12  Roach x3  
  48  6:15  Hydralisk Den  
  48  6:16  Drone x3  
  56  6:33  Drone x4  
  60  6:41  Overlord x3  
  60  6:46  Glial Reconstitution  
  60  7:03  Drone  
  60  7:04  Drone x3  
  64  7:16  Hatchery  
  63  7:23  Drone x2  
  63  7:24  Drone  
  63  7:26  Extractor x2  
  63  7:44  Ravager  
  63  7:45  Ravager x4  
  63  7:46  Zergling x12  
  63  7:47  Zergling x2  
  63  7:50  Drone x5  
  63  7:51  Drone  
  78  8:13  Ravager x4  
  78  8:15  Zergling x2  
  80  8:43  Hydralisk x6  
  89  8:55  Overlord x3  
  89  8:58  Overlord x2  
  89  9:02  Muscular Augments, Tunneling Claws  
  89  9:11  Evolution Chamber  
  89  9:12  Queen x2  
  89  9:13  Evolution Chamber  
  91  9:23  Drone  
  91  9:24  Drone x11  
  103  9:43  Drone x3  
  103  9:44  Drone x2  
  108  9:47  Overlord  
  108  9:52  Overlord  
  108  9:54  Hatchery  
  108  9:58  Infestation Pit  
  106  10:12  Baneling Nest  
  106  10:13  Grooved Spines  
  105  10:31  Drone x5  
  110  10:39  Hydralisk x9  
  110  10:40  Hydralisk x3  
  134  11:00  Extractor  
  134  11:01  Extractor  
  134  11:02  Spore Crawler  
  134  11:04  Spore Crawler  
  130  11:05  Zerg Missile Weapons Level 1  
  130  11:06  Zerg Ground Armor Level 1  
  130  11:08  Overseer  
  130  11:09  Drone  
  130  11:10  Drone x11  
  142  11:25  Baneling  
  142  11:26  Baneling x7  
  142  11:46  Extractor x2  
  140  11:51  Hive  
  140  12:04  Spire  
  139  12:14  Drone x4  
  143  12:21  Overlord x6  
  143  12:28  Overseer  
  143  12:44  Pneumatized Carapace  
  143  12:45  Burrow  
  143  13:02  Overlord x2  
  143  13:03  Overlord x3  
  102  13:24  Lurker Den  
  102  13:26  Zergling x34  
  102  13:27  Zergling x10  
  123  13:35  Zerg Melee Weapons Level 1, Zerg Missile Weapons Level 2  
  123  13:37  Hatchery, Drone x3  
  123  13:40  Queen  
  127  13:50  Centrifical Hooks  
  127  13:52  Adrenal Glands  
  127  13:59  Ultralisk Cavern  
  126  14:18  Baneling  
  126  14:19  Baneling x23  
  126  14:20  Baneling x9  
  126  14:44  Infestor x2  
  130  14:46  Zergling x28  
  130  14:47  Zergling x24  
  156  15:02  Zerg Flyer Weapons Level 1  
  156  15:05  Spire  
  155  15:13  Lurker x2  
  157  15:19  Zergling x2  
  157  15:20  Zergling x28  
  140  15:38  Baneling  
  140  15:39  Baneling x10  
  140  15:51  Lurker  
  140  15:52  Lurker  
  140  15:54  Lurker  
  136  16:18  Baneling x8  
  136  16:19  Baneling x5  
  136  16:20  Zergling x2  
  136  16:21  Zergling x38  
  136  16:22  Zergling x2  
  157  16:30  Drone  
  157  16:31  Hatchery  
  110  17:22  Zergling x8  
  92  17:23  Zergling x6, Ultralisk  
  92  17:24  Ultralisk x3  
  119  17:34  Zergling x2  
  119  17:35  Zergling x14  
  127  17:55  Hatchery  
  126  18:20  Ultralisk x3  
  126  18:21  Ultralisk  
  126  18:22  Extractor, Zergling x2  
  126  18:23  Zergling x18  
  126  18:25  Extractor  
  146  18:53  Hydralisk x6  
  146  18:54  Hydralisk x5  
  162  19:03  Zergling x2  
  151  20:06  Zergling x2  
  152  20:07  Zergling x24  
  152  20:08  Zergling x26  
  152  20:09  Zergling x6  
  152  20:10  Zergling x2  
  152  20:13  Overlord x2  
  152  20:14  Overlord  
  182  20:57  Zergling x14  
Tags
 
Add a new tag
Caveats
  • Supply blocks, unpowered buildings, or Contaminate may cause inaccurate times.
  • Supply counts are checked every 10 seconds.